AoeStats
← Escalavini

Oasis

509753561Analyzed
2v2 RM · 3d ago on Sep 27, 2026· 29m 10s· 4 players
Game mode
Random Map
Map size
Medium (4 player)
Population
200
Speed
Normal
Resources
Standard
Victory
Conquest
Starting age
Dark Age
Ending age
Imperial Age
RankedLock teamsTeams togetherTeam positionsShared explorationLock speedFull tech treeHidden civsTurbo modeCheats
Victory
Defeat
🇨🇱 Britons · Chile
1097
+16
🇨🇱 Mapuche · Chile
1022
+18
🇸🇻 Magyars · El Salvador
1104
-18
🇸🇻 Mongols · El Salvador
1063
-16
zsyper
9:01 Loom
12:06 Feudal Age
12:40 Town Watch
15:45 Wheelbarrow
16:50 Fletching
17:01 Padded Archer Armor
25:51 Castle Age
29:53 Hand Cart
Ja.Lonzo
13:11 Feudal Age
13:47 Double-Bit Axe
13:52 Loom
13:51 Horse Collar
14:06 Gold Mining
20:28 Castle Age
19:49 Fletching
20:20 Stone Mining
23:50 Padded Archer Armor
26:35 Bow Saw
26:29 Heavy Plow
27:04 Elite Skirmisher
Escalavini
10:12 Loom
11:57 Feudal Age
16:47 Castle Age
15:02 Fletching
15:13 Padded Archer Armor
15:10 Double-Bit Axe
24:35 Wheelbarrow
24:50 Leather Archer Armor
23:58 Elite Skirmisher
25:56 Bodkin Arrow
malosnov
3:51 Loom
6:51 Loom
11:19 Feudal Age
13:24 Loom
18:09 Castle Age
16:28 Double-Bit Axe
16:57 Fletching
18:06 Gold Mining
19:10 Bodkin Arrow
19:35 Town Watch
23:22 Padded Archer Armor
24:32 Leather Archer Armor
25:55 Husbandry
Connection lost

Rejoining the realm…

Still unreachable

The connection could not be restored.

Session expired

The server has moved on; the page needs a fresh start.